Chicago Black Hawks vs Calgary Flames
(R1)
Created - Friday, December 5, 2025 at 08:59
Goals
|
| Chicago Black Hawks |
1 |
3 |
0 |
4 |
| Calgary Flames |
0 |
2 |
0 |
2 |
|
Shots
|
| Chicago Black Hawks |
8 |
14 |
8 |
30 |
| Calgary Flames |
13 |
5 |
10 |
28 |
|
1st period
1. Chicago Black Hawks , Matthew Beniers 4 (Leo Carlsson 9) at 6:48 (PP)
Penalties :
Jeremy Lauzon (CGY) for Tripping (Minor) at 6:47, Matthew Tkachuk (CGY) for High sticking (Double Minor) at 6:49, Drew Doughty (CGY) for Slashing (Minor) at 7:57, Jeremy Lauzon (CGY) for Interference (Minor) at 14:30
2nd period
2. Chicago Black Hawks , Oliver Bjorkstrand 6 (Leo Carlsson 10, Eeli Tolvanen 1) at 0:06
3. Calgary Flames , Zach Hyman 5 (Bo Horvat 8, Cale Makar 10) at 0:18
4. Calgary Flames , Chris Kreider 4 (Cale Makar 11, Joel Eriksson Ek 6) at 5:01
5. Chicago Black Hawks , Oliver Bjorkstrand 7 (Leo Carlsson 11) at 9:21
6. Chicago Black Hawks , Matthew Beniers 5 (Leo Carlsson 12, Oliver Bjorkstrand 3) at 16:35 (PP)
Penalties :
Angus Crookshank (CGY) for Goalie Interference (Minor) at 2:50, Matthew Tkachuk (CGY) for Holding (Minor) at 5:21, Filip Hronek (CGY) for Interference (Minor) at 15:58
3rd period
No Goal
Penalties :
Zachary Werenski (CHI) for Hooking (Minor) at 2:05, Matthew Beniers (CHI) for Holding (Minor) at 6:59, Jeremy Lauzon (CGY) for Hooking (Minor) at 16:14
Goalie Stats
Filip Gustavsson (CHI), 26 saves from 28 shots - (0.929), W, 5-3-1, 60:00 minutes
Anton Forsberg (CGY), 26 saves from 30 shots - (0.867), L, 7-2-0, 60:00 minutes
Players Stats for Chicago Black Hawks
Player Name G A P +/- PIM S H SB GA TA FO MP PP MP PK MP
------------------------------------------------------------------------------------
Barrett Hayton 0 0 0 0 0 2 2 0 1 0 3/13 19:50 5:34 2:09
Bobby Brink 0 0 0 0 0 0 0 0 0 0 0/0 9:35 0:00 0:00
Brent Burns 0 0 0 1 0 1 1 0 0 0 0/0 25:14 6:41 1:40
Brett Howden 0 0 0 -1 0 3 2 0 0 0 0/2 10:53 0:00 0:40
Christopher Tanev 0 0 0 1 0 2 0 0 0 1 0/0 22:55 6:41 2:32
Eeli Tolvanen 0 1 1 1 0 1 2 0 0 0 0/1 12:27 0:19 0:00
Justin Faulk 0 0 0 0 0 1 2 1 0 1 0/0 21:19 5:52 1:54
Leo Carlsson 0 4 4 1 0 2 2 1 0 0 15/26 20:08 6:17 1:49
Lucas Raymond 0 0 0 0 0 1 1 0 0 0 0/0 13:16 0:30 0:28
Matthew Beniers 2 0 2 0 2 2 3 0 0 1 2/2 16:38 6:21 1:01
Morgan Frost 0 0 0 -1 0 3 0 0 1 0 1/1 14:48 5:46 0:00
Noah Dobson 0 0 0 -1 0 1 0 1 0 1 0/0 13:49 0:00 1:01
Oliver Bjorkstrand 2 1 3 1 0 6 1 0 1 0 2/5 20:01 6:17 1:49
Ryan Lindgren 0 0 0 -1 0 0 4 0 0 1 0/0 12:51 0:00 0:00
Ryan Suzuki 0 0 0 -1 0 0 1 0 0 1 0/0 9:16 0:00 0:00
Shane Wright 0 0 0 0 0 1 0 1 1 0 0/0 11:10 0:42 0:00
Trevor Zegras 0 0 0 0 0 1 2 0 1 0 1/1 17:57 5:53 0:00
Zachary Werenski 0 0 0 0 2 3 0 0 0 0 0/0 23:53 5:52 0:49
Players Stats for Calgary Flames
Player Name G A P +/- PIM S H SB GA TA FO MP PP MP PK MP
------------------------------------------------------------------------------------
Angus Crookshank 0 0 0 0 2 0 1 0 0 0 1/1 9:07 0:00 0:00
Ben Meyers 0 0 0 -1 0 0 0 2 0 0 0/0 9:41 0:00 0:34
Bo Horvat 0 1 1 0 0 5 1 0 1 0 17/28 19:55 2:06 5:23
Cale Makar 0 2 2 1 0 4 1 0 3 1 0/0 22:54 2:11 5:22
Chris Kreider 1 0 1 1 0 4 0 0 0 0 0/2 14:29 1:52 0:14
Daniil Miromanov 0 0 0 -1 0 0 0 3 0 1 0/0 14:38 0:00 0:12
Drew Doughty 0 0 0 0 2 1 2 1 0 0 0/0 22:51 1:47 5:25
Filip Hronek 0 0 0 0 2 0 0 0 0 0 0/0 22:46 2:11 6:19
Jeremy Lauzon 0 0 0 0 6 2 2 2 0 1 0/0 16:53 1:47 0:53
Joel Eriksson Ek 0 1 1 0 0 0 6 1 0 0 1/3 17:18 1:52 5:30
Mathieu Joseph 0 0 0 1 0 3 1 0 0 1 0/0 14:01 1:50 0:00
Matthew Tkachuk 0 0 0 1 6 2 1 0 1 0 4/8 12:36 0:00 0:00
Nic Dowd 0 0 0 -1 0 2 2 0 0 0 2/3 9:06 0:02 0:00
Nick Paul 0 0 0 -1 0 1 3 0 0 0 0/1 8:34 0:00 0:00
Pavel Zacha 0 0 0 0 0 1 1 0 0 0 0/0 9:02 0:00 0:00
Sebastian Aho 0 0 0 0 0 1 1 0 1 0 0/1 20:28 2:06 5:55
Uvis Balinskis 0 0 0 0 0 0 2 1 0 1 0/0 20:11 0:00 6:55
Zach Hyman 1 0 1 0 0 2 0 0 0 0 2/4 20:50 2:06 5:30
3 Stars
1 - Oliver Bjorkstrand (CHI)
2 - Leo Carlsson (CHI)
3 - Matthew Beniers (CHI)
Power Play
Chicago Black Hawks - 2 on 9 Attempt(s) - 22.22%
Calgary Flames - 0 on 2 Attempt(s) - 0.00%
Penalty Kill
Chicago Black Hawks - 2 on 2 Attempt(s) - 100.00%
- Score 0 goal in Penalty Kill
Calgary Flames - 7 on 9 Attempt(s) - 77.78%
- Score 0 goal in Penalty Kill
Team Stat
Chicago Black Hawks - Hits : 23 - Faceoff Wins : 24 - Blocked Shots : 4 - Penalty Minutes : 4
Calgary Flames - Hits : 24 - Faceoff Wins : 27 - Blocked Shots : 10 - Penalty Minutes : 18
Official
Referees : Chris Schlenker and Cody Beach
Linesman : Kilian McNamara and Bryan Pancich
Game Notes
No Game Note
Finance
Level 1 -- Attendance: 6000 (100.00%) -- Ticket Income $600,000
Level 2 -- Attendance: 5000 (100.00%) -- Ticket Income $300,000
Level 3 -- Attendance: 2997 (99.90%) -- Ticket Income $104,895
Level 4 -- Attendance: 5000 (100.00%) -- Ticket Income $125,000
Luxury Box -- Attendance: 950 (95.00%) -- Ticket Income $190,000
Game was played at the Scotiabank Saddledome.
Total Attendance: 19947 (99.74%)
Total Ticket Income: $1,319,895
Other Income: $461,963
Total Income: $1,781,858
Chicago Black Hawks
5 vs 5 Forward
Center Left Wing Right Wing Time % Phy DF OF
1 Leo Carlsson Eeli Tolvanen Oliver Bjorkstrand 30 1 2 2
2 Barrett Hayton Lucas Raymond Trevor Zegras 30 1 2 2
3 Matthew Beniers Shane Wright Bobby Brink 25 1 2 2
4 Morgan Frost Brett Howden Ryan Suzuki 15 1 2 2
5 vs 5 Defense
Defense Defense Time % Phy DF OF
1 Zachary Werenski Justin Faulk 30 1 2 2
2 Brent Burns Christopher Tanev 30 1 2 2
3 Noah Dobson Ryan Lindgren 25 1 2 2
4 Brent Burns Zachary Werenski 15 1 2 2
PowerPlay Forward
Center Left Wing Right Wing Time % Phy DF OF
1 Leo Carlsson Matthew Beniers Oliver Bjorkstrand 50 1 2 2
2 Barrett Hayton Morgan Frost Trevor Zegras 50 1 2 2
PowerPlay Defense
Defense Defense Time % Phy DF OF
1 Zachary Werenski Justin Faulk 50 1 2 2
2 Brent Burns Christopher Tanev 50 1 2 2
Penalty Kill 4 Players Forward
Center Wing Time % Phy DF OF
1 Oliver Bjorkstrand Leo Carlsson 50 1 2 2
2 Barrett Hayton Matthew Beniers 50 1 2 2
Penalty Kill 4 Players Defense
Defense Defense Time % Phy DF OF
1 Zachary Werenski Justin Faulk 50 1 2 2
2 Brent Burns Christopher Tanev 50 1 2 2
Penalty Kill - 3 Players Forward
Forward Time % Phy DF OF
1 Barrett Hayton 50 1 2 2
2 Leo Carlsson 50 1 2 2
Penalty Kill - 3 Players Defense
Defense Defense Time % Phy DF OF
1 Zachary Werenski Justin Faulk 50 1 2 2
2 Brent Burns Christopher Tanev 50 1 2 2
4 vs 4 Forward
Center Wing Time % Phy DF OF
1 Oliver Bjorkstrand Leo Carlsson 50 1 2 2
2 Barrett Hayton Matthew Beniers 50 1 2 2
4 vs 4 Defense
Defense Defense Time % Phy DF OF
1 Zachary Werenski Justin Faulk 50 1 2 2
2 Brent Burns Christopher Tanev 50 1 2 2
Last Minutes Offensive
Center Left Wing Right Wing Defense Defense
Leo Carlsson Eeli Tolvanen Oliver Bjorkstrand Zachary Werenski Justin Faulk
Last Minutes Defensive
Center Left Wing Right Wing Defense Defense
Leo Carlsson Eeli Tolvanen Oliver Bjorkstrand Zachary Werenski Justin Faulk
Goaltenders
Starting : Filip Gustavsson
Backup : Adin Hill
Extra Forwards
Normal : Shane Wright, Morgan Frost, Brett Howden - PP : Shane Wright, Morgan Frost - PK : Brett Howden
Extra Defensemen
Normal : Noah Dobson, Zachary Werenski, Brent Burns - PP : Noah Dobson - PK : Zachary Werenski, Justin Faulk
Penalty Shots
Morgan Frost, Leo Carlsson, Barrett Hayton, Matthew Beniers, Oliver Bjorkstrand
Scratches
Jonas Brodin (Healthy), David Jiricek (Healthy), Simon Nemec (Healthy), Antonio Stranges (Healthy), Noah Cates (Healthy)
Calgary Flames
5 vs 5 Forward
Center Left Wing Right Wing Time % Phy DF OF
1 Bo Horvat Sebastian Aho Zach Hyman 30 1 2 2
2 Matthew Tkachuk Chris Kreider Mathieu Joseph 30 1 2 2
3 Joel Eriksson Ek Angus Crookshank Pavel Zacha 25 1 2 2
4 Nic Dowd Nick Paul Ben Meyers 15 1 2 2
5 vs 5 Defense
Defense Defense Time % Phy DF OF
1 Cale Makar Filip Hronek 35 1 2 2
2 Jeremy Lauzon Uvis Balinskis 35 1 2 2
3 Drew Doughty Daniil Miromanov 30 1 2 2
4 Cale Makar Filip Hronek 0 1 2 2
PowerPlay Forward
Center Left Wing Right Wing Time % Phy DF OF
1 Bo Horvat Sebastian Aho Zach Hyman 50 1 2 2
2 Joel Eriksson Ek Chris Kreider Mathieu Joseph 50 1 2 2
PowerPlay Defense
Defense Defense Time % Phy DF OF
1 Cale Makar Filip Hronek 50 1 2 2
2 Drew Doughty Jeremy Lauzon 50 1 2 2
Penalty Kill 4 Players Forward
Center Wing Time % Phy DF OF
1 Bo Horvat Sebastian Aho 50 1 2 2
2 Zach Hyman Joel Eriksson Ek 50 1 2 2
Penalty Kill 4 Players Defense
Defense Defense Time % Phy DF OF
1 Cale Makar Drew Doughty 50 1 2 2
2 Filip Hronek Uvis Balinskis 50 1 2 2
Penalty Kill - 3 Players Forward
Forward Time % Phy DF OF
1 Bo Horvat 50 1 2 2
2 Sebastian Aho 50 1 2 2
Penalty Kill - 3 Players Defense
Defense Defense Time % Phy DF OF
1 Cale Makar Filip Hronek 50 1 2 2
2 Uvis Balinskis Drew Doughty 50 1 2 2
4 vs 4 Forward
Center Wing Time % Phy DF OF
1 Bo Horvat Sebastian Aho 50 1 2 2
2 Zach Hyman Joel Eriksson Ek 50 1 2 2
4 vs 4 Defense
Defense Defense Time % Phy DF OF
1 Cale Makar Filip Hronek 50 1 2 2
2 Drew Doughty Uvis Balinskis 50 1 2 2
Last Minutes Offensive
Center Left Wing Right Wing Defense Defense
Bo Horvat Sebastian Aho Zach Hyman Cale Makar Filip Hronek
Last Minutes Defensive
Center Left Wing Right Wing Defense Defense
Bo Horvat Sebastian Aho Zach Hyman Cale Makar Filip Hronek
Goaltenders
Starting : Anton Forsberg
Backup : Ilya Sorokin
Extra Forwards
Normal : Nic Dowd, Ben Meyers, Sebastian Aho - PP : Nic Dowd, Ben Meyers - PK : Bo Horvat
Extra Defensemen
Normal : Cale Makar, Filip Hronek, Drew Doughty - PP : Cale Makar - PK : Drew Doughty, Cale Makar
Penalty Shots
Bo Horvat, Sebastian Aho, Nic Dowd, Joel Eriksson Ek, Zach Hyman
Scratches
Alec Martinez (Upper Body Injury), J.T. Miller (Healthy), Kris Letang (Back Spasms Injury), Pheonix Copley (Healthy)
% Time on Ice - Chicago Black Hawks
Lines # - Real PCT - Wanted PCT - Time Play
Normal Forward
1 - 29% - 30% - 12:45
2 - 28% - 30% - 12:18
3 - 21% - 25% - 9:10
4 - 21% - 15% - 9:16
Normal Defense
1 - 32% - 30% - 13:45
2 - 31% - 30% - 13:30
3 - 30% - 25% - 12:51
4 - 8% - 15% - 3:23
PP Forward
1 - 51% - 50% - 6:21
2 - 49% - 50% - 6:12
PP Defense
1 - 47% - 50% - 5:52
2 - 53% - 50% - 6:41
PK Forward
1 - 46% - 50% - 1:49
2 - 54% - 50% - 2:09
PK Defense
1 - 58% - 50% - 2:18
2 - 42% - 50% - 1:40
PK3 Forward
1 - 0% - 50%
2 - 0% - 50%
PK3 Defense
1 - 0% - 50%
2 - 0% - 50%
44 Forward
1 - 0% - 50%
2 - 0% - 50%
44 Defense
1 - 0% - 50%
2 - 0% - 50%
Last Minute Offensive - 0:00
Last Minute Defensive - 0:00
Total
Forward - 60:00
Defense - 60:00
|
% Time on Ice - Calgary Flames
Lines # - Real PCT - Wanted PCT - Time Play
Normal Forward
1 - 30% - 30% - 12:50
2 - 30% - 30% - 13:03
3 - 21% - 25% - 9:02
4 - 20% - 15% - 8:34
Normal Defense
1 - 35% - 35% - 15:04
2 - 36% - 35% - 15:29
3 - 30% - 30% - 12:56
4 - 0% - 0% - 0:00
PP Forward
1 - 53% - 50% - 2:06
2 - 47% - 50% - 1:52
PP Defense
1 - 55% - 50% - 2:11
2 - 45% - 50% - 1:47
PK Forward
1 - 48% - 50% - 5:03
2 - 52% - 50% - 5:31
PK Defense
1 - 45% - 50% - 4:48
2 - 55% - 50% - 5:46
PK3 Forward
1 - 45% - 50% - 0:54
2 - 55% - 50% - 1:05
PK3 Defense
1 - 40% - 50% - 0:48
2 - 60% - 50% - 1:11
44 Forward
1 - 0% - 50%
2 - 0% - 50%
44 Defense
1 - 0% - 50%
2 - 0% - 50%
Last Minute Offensive - 0:00
Last Minute Defensive - 0:00
Total
Forward - 60:00
Defense - 60:00
|
Play-by-Play
1st period
0:01 of 1st period - Bo Horvat wins face-off versus Leo Carlsson in neutral zone.
0:03 of 1st period - Off-side.
0:04 of 1st period - Bo Horvat wins face-off versus Oliver Bjorkstrand in neutral zone.
1:01 of 1st period - Snap shot by Bobby Brink.
1:01 of 1st period - Shot Misses the Net.
1:03 of 1st period - Slapshot by Justin Faulk.
1:03 of 1st period - Stopped by Anton Forsberg without a rebound.
1:04 of 1st period - Morgan Frost wins face-off versus Nic Dowd in Calgary Flames zone.
1:13 of 1st period - Morgan Frost is hit by Nick Paul.
1:21 of 1st period - Nic Dowd is hit by Brett Howden and loses puck.
2:40 of 1st period - Wrist shot by Nick Paul.
2:40 of 1st period - Shot Blocked by Shane Wright.
2:42 of 1st period - Wrist shot by Nic Dowd.
2:42 of 1st period - Stopped by Filip Gustavsson with a rebound.
2:44 of 1st period - Slapshot by Jeremy Lauzon.
2:44 of 1st period - Stopped by Filip Gustavsson without a rebound.
2:45 of 1st period - Matthew Beniers wins face-off versus Matthew Tkachuk in Chicago Black Hawks zone.
3:10 of 1st period - Bo Horvat is hit by Barrett Hayton and loses puck.
3:35 of 1st period - Leo Carlsson is hit by Uvis Balinskis and loses puck.
3:44 of 1st period - Snap shot by Pavel Zacha.
3:44 of 1st period - Stopped by Filip Gustavsson with a rebound.
4:16 of 1st period - Wrist shot by Leo Carlsson.
4:16 of 1st period - Shot Misses the Net.
5:06 of 1st period - Wrist shot by Joel Eriksson Ek.
5:06 of 1st period - Shot Misses the Net.
6:09 of 1st period - Wrist shot by Bo Horvat.
6:09 of 1st period - Stopped by Filip Gustavsson without a rebound.
6:10 of 1st period - Bo Horvat wins face-off versus Leo Carlsson in Chicago Black Hawks zone.
6:17 of 1st period - Snap shot by Bo Horvat.
6:17 of 1st period - Stopped by Filip Gustavsson without a rebound.
6:18 of 1st period - Matthew Beniers wins face-off versus Joel Eriksson Ek in Chicago Black Hawks zone.
6:23 of 1st period - Pavel Zacha is hit by Ryan Lindgren and loses puck.
6:47 of 1st period - Minor Penalty to Jeremy Lauzon for Tripping.
6:48 of 1st period - Leo Carlsson wins face-off versus Bo Horvat in Calgary Flames zone.
6:48 of 1st period - Snap shot by Matthew Beniers.
6:48 of 1st period - Goal by Matthew Beniers - Chicago Black Hawks : 1 - Calgary Flames : 0.
6:49 of 1st period - Matthew Tkachuk wins face-off versus Leo Carlsson in neutral zone.
6:49 of 1st period - Double Minor Penalty to Matthew Tkachuk for High sticking.
6:50 of 1st period - Zach Hyman wins face-off versus Barrett Hayton in Calgary Flames zone.
6:57 of 1st period - Snap shot by Morgan Frost.
6:57 of 1st period - Stopped by Anton Forsberg without a rebound.
6:58 of 1st period - Zach Hyman wins face-off versus Barrett Hayton in Calgary Flames zone.
7:21 of 1st period - Wrist shot by Zach Hyman.
7:21 of 1st period - Stopped by Filip Gustavsson with a rebound.
7:47 of 1st period - Wrist shot by Barrett Hayton.
7:47 of 1st period - Stopped by Anton Forsberg with a rebound.
7:49 of 1st period - Slapshot by Brent Burns.
7:49 of 1st period - Shot Misses the Net.
7:51 of 1st period - Slapshot by Christopher Tanev.
7:51 of 1st period - Shot Misses the Net.
7:53 of 1st period - Slapshot by Brent Burns.
7:53 of 1st period - Stopped by Anton Forsberg without a rebound.
7:54 of 1st period - Bo Horvat wins face-off versus Leo Carlsson in Calgary Flames zone.
7:54 of 1st period - Bo Horvat is hit by Justin Faulk.
7:57 of 1st period - Minor Penalty to Drew Doughty for Slashing.
7:58 of 1st period - Bo Horvat wins face-off versus Leo Carlsson in Calgary Flames zone.
8:08 of 1st period - Slapshot by Zachary Werenski.
8:08 of 1st period - Stopped by Anton Forsberg with a rebound.
8:10 of 1st period - Slapshot by Leo Carlsson.
8:10 of 1st period - Stopped by Anton Forsberg with a rebound.
8:12 of 1st period - Slapshot by Zachary Werenski.
8:12 of 1st period - Stopped by Anton Forsberg without a rebound.
8:13 of 1st period - Bo Horvat wins face-off versus Leo Carlsson in Calgary Flames zone.
9:12 of 1st period - Filip Hronek is hit by Leo Carlsson and loses puck.
9:57 of 1st period - Penalty to Drew Doughty is over, Drew Doughty is back on ice.
10:17 of 1st period - Matthew Beniers is hit by Joel Eriksson Ek and loses puck.
10:34 of 1st period - Drew Doughty is hit by Justin Faulk and loses puck.
10:49 of 1st period - Penalty to Matthew Tkachuk is over, Matthew Tkachuk is back on ice.
10:53 of 1st period - Justin Faulk is hit by Matthew Tkachuk and loses puck.
11:00 of 1st period - Wrist shot by Chris Kreider.
11:00 of 1st period - Stopped by Filip Gustavsson with a rebound.
11:02 of 1st period - Wrist shot by Mathieu Joseph.
11:02 of 1st period - Stopped by Filip Gustavsson with a rebound.
11:04 of 1st period - Slapshot by Drew Doughty.
11:04 of 1st period - Shot Misses the Net.
11:06 of 1st period - Snap shot by Matthew Tkachuk.
11:06 of 1st period - Stopped by Filip Gustavsson with a rebound.
11:41 of 1st period - Cale Makar is hit by Eeli Tolvanen and loses puck.
12:24 of 1st period - Christopher Tanev is hit by Nic Dowd and loses puck.
12:31 of 1st period - Slapshot by Nic Dowd.
12:31 of 1st period - Stopped by Filip Gustavsson with a rebound.
12:33 of 1st period - Wrist shot by Ben Meyers.
12:33 of 1st period - Shot Misses the Net.
13:25 of 1st period - Matthew Beniers is hit by Joel Eriksson Ek and loses puck.
13:53 of 1st period - Eeli Tolvanen is hit by Cale Makar and loses puck.
14:30 of 1st period - Minor Penalty to Jeremy Lauzon for Interference.
14:31 of 1st period - Bo Horvat wins face-off versus Leo Carlsson in Calgary Flames zone.
16:30 of 1st period - Penalty to Jeremy Lauzon is over, Jeremy Lauzon is back on ice.
17:08 of 1st period - Wrist shot by Matthew Tkachuk.
17:08 of 1st period - Shot Blocked by Noah Dobson.
17:10 of 1st period - Snap shot by Mathieu Joseph.
17:10 of 1st period - Stopped by Filip Gustavsson with a rebound.
17:12 of 1st period - Wrist shot by Chris Kreider.
17:12 of 1st period - Shot Misses the Net.
17:14 of 1st period - Slapshot by Drew Doughty.
17:14 of 1st period - Deflect By Ryan Lindgren.
17:14 of 1st period - Stopped by Filip Gustavsson with a rebound.
17:34 of 1st period - Justin Faulk is hit by Nic Dowd and loses puck.
18:08 of 1st period - Christopher Tanev is hit by Joel Eriksson Ek and loses puck.
19:02 of 1st period - Zachary Werenski is hit by Sebastian Aho and loses puck.
19:37 of 1st period - Slapshot by Chris Kreider.
19:37 of 1st period - Stopped by Filip Gustavsson with a rebound.
Goals for this period are 1 for Chicago Black Hawks vs 0 for Calgary Flames.
Shots for this period are 8 for Chicago Black Hawks vs 13 for Calgary Flames.
2nd period
0:01 of 2nd period - Oliver Bjorkstrand wins face-off versus Zach Hyman in neutral zone.
0:04 of 2nd period - Wrist shot by Leo Carlsson.
0:04 of 2nd period - Shot Misses the Net.
0:06 of 2nd period - Slapshot by Oliver Bjorkstrand.
0:06 of 2nd period - Goal by Oliver Bjorkstrand - Chicago Black Hawks : 2 - Calgary Flames : 0.
0:07 of 2nd period - Leo Carlsson wins face-off versus Bo Horvat in neutral zone.
0:16 of 2nd period - Snap shot by Bo Horvat.
0:16 of 2nd period - Shot Misses the Net.
0:18 of 2nd period - Snap shot by Zach Hyman.
0:18 of 2nd period - Goal by Zach Hyman - Chicago Black Hawks : 2 - Calgary Flames : 1.
0:19 of 2nd period - Bo Horvat wins face-off versus Barrett Hayton in neutral zone.
0:54 of 2nd period - Snap shot by Oliver Bjorkstrand.
0:54 of 2nd period - Stopped by Anton Forsberg with a rebound.
1:30 of 2nd period - Brett Howden is hit by Jeremy Lauzon and loses puck.
1:37 of 2nd period - Wrist shot by Nick Paul.
1:37 of 2nd period - Stopped by Filip Gustavsson with a rebound.
2:20 of 2nd period - Wrist shot by Chris Kreider.
2:20 of 2nd period - Shot Misses the Net.
2:22 of 2nd period - Slapshot by Drew Doughty.
2:22 of 2nd period - Shot Blocked by Justin Faulk.
2:50 of 2nd period - Minor Penalty to Angus Crookshank for Goalie Interference.
2:51 of 2nd period - Bo Horvat wins face-off versus Oliver Bjorkstrand in Calgary Flames zone.
3:23 of 2nd period - Wrist shot by Barrett Hayton.
3:23 of 2nd period - Shot Misses the Net.
3:25 of 2nd period - Snap shot by Barrett Hayton.
3:25 of 2nd period - Shot Misses the Net.
3:27 of 2nd period - Slapshot by Brent Burns.
3:27 of 2nd period - Shot Blocked by Joel Eriksson Ek.
4:15 of 2nd period - Drew Doughty is hit by Matthew Beniers and loses puck.
4:42 of 2nd period - Oliver Bjorkstrand is hit by Joel Eriksson Ek and loses puck.
4:50 of 2nd period - Penalty to Angus Crookshank is over, Angus Crookshank is back on ice.
4:50 of 2nd period - Zach Hyman is hit by Matthew Beniers and loses puck.
5:01 of 2nd period - Snap shot by Cale Makar.
5:01 of 2nd period - Deflect By Chris Kreider.
5:01 of 2nd period - Goal by Chris Kreider - Chicago Black Hawks : 2 - Calgary Flames : 2.
5:02 of 2nd period - Matthew Tkachuk wins face-off versus Barrett Hayton in neutral zone.
5:09 of 2nd period - Wrist shot by Chris Kreider.
5:09 of 2nd period - Stopped by Filip Gustavsson without a rebound.
5:10 of 2nd period - Barrett Hayton wins face-off versus Chris Kreider in Chicago Black Hawks zone.
5:10 of 2nd period - Barrett Hayton is hit by Jeremy Lauzon.
5:21 of 2nd period - Minor Penalty to Matthew Tkachuk for Holding.
5:22 of 2nd period - Leo Carlsson wins face-off versus Sebastian Aho in Calgary Flames zone.
5:54 of 2nd period - Snap shot by Barrett Hayton.
5:54 of 2nd period - Shot Misses the Net.
7:21 of 2nd period - Penalty to Matthew Tkachuk is over, Matthew Tkachuk is back on ice.
7:34 of 2nd period - Snap shot by Zach Hyman.
7:34 of 2nd period - Deflect By Matthew Tkachuk.
7:34 of 2nd period - Stopped by Filip Gustavsson with a rebound.
7:42 of 2nd period - Icing by Cale Makar.
7:43 of 2nd period - Leo Carlsson wins face-off versus Zach Hyman in Calgary Flames zone.
7:44 of 2nd period - Snap shot by Oliver Bjorkstrand.
7:44 of 2nd period - Stopped by Anton Forsberg with a rebound.
7:46 of 2nd period - Wrist shot by Eeli Tolvanen.
7:46 of 2nd period - Stopped by Anton Forsberg with a rebound.
7:48 of 2nd period - Snap shot by Leo Carlsson.
7:48 of 2nd period - Stopped by Anton Forsberg without a rebound.
7:49 of 2nd period - Leo Carlsson wins face-off versus Matthew Tkachuk in Calgary Flames zone.
8:37 of 2nd period - Sebastian Aho is hit by Trevor Zegras and loses puck.
8:54 of 2nd period - Justin Faulk is hit by Joel Eriksson Ek and loses puck.
9:21 of 2nd period - Wrist shot by Oliver Bjorkstrand.
9:21 of 2nd period - Goal by Oliver Bjorkstrand - Chicago Black Hawks : 3 - Calgary Flames : 2.
9:22 of 2nd period - Leo Carlsson wins face-off versus Bo Horvat in neutral zone.
9:31 of 2nd period - Slapshot by Oliver Bjorkstrand.
9:31 of 2nd period - Shot Blocked by Drew Doughty.
10:18 of 2nd period - Off-side.
10:19 of 2nd period - Leo Carlsson wins face-off versus Bo Horvat in neutral zone.
10:26 of 2nd period - Wrist shot by Sebastian Aho.
10:26 of 2nd period - Shot Misses the Net.
11:00 of 2nd period - Christopher Tanev is hit by Angus Crookshank and loses puck.
12:05 of 2nd period - Wrist shot by Morgan Frost.
12:05 of 2nd period - Stopped by Anton Forsberg with a rebound.
12:22 of 2nd period - Slapshot by Zachary Werenski.
12:22 of 2nd period - Stopped by Anton Forsberg without a rebound.
12:23 of 2nd period - Angus Crookshank wins face-off versus Leo Carlsson in Calgary Flames zone.
12:54 of 2nd period - Matthew Beniers is hit by Pavel Zacha and loses puck.
13:16 of 2nd period - Snap shot by Lucas Raymond.
13:16 of 2nd period - Stopped by Anton Forsberg with a rebound.
13:18 of 2nd period - Slapshot by Christopher Tanev.
13:18 of 2nd period - Deflect By Lucas Raymond.
13:18 of 2nd period - Shot Misses the Net.
13:18 of 2nd period - Puck is out of play.
13:19 of 2nd period - Bo Horvat wins face-off versus Eeli Tolvanen in Calgary Flames zone.
13:19 of 2nd period - Bo Horvat is hit by Eeli Tolvanen.
13:45 of 2nd period - Chris Kreider is hit by Lucas Raymond and loses puck.
14:36 of 2nd period - Morgan Frost is hit by Drew Doughty.
15:12 of 2nd period - Slapshot by Morgan Frost.
15:12 of 2nd period - Shot Misses the Net.
15:14 of 2nd period - Slapshot by Christopher Tanev.
15:14 of 2nd period - Stopped by Anton Forsberg with a rebound.
15:16 of 2nd period - Slapshot by Morgan Frost.
15:16 of 2nd period - Shot Misses the Net.
15:18 of 2nd period - Slapshot by Christopher Tanev.
15:18 of 2nd period - Deflect By Zach Hyman.
15:18 of 2nd period - Stopped by Anton Forsberg without a rebound.
15:19 of 2nd period - Leo Carlsson wins face-off versus Matthew Tkachuk in Calgary Flames zone.
15:58 of 2nd period - Minor Penalty to Filip Hronek for Interference.
15:59 of 2nd period - Bo Horvat wins face-off versus Leo Carlsson in Calgary Flames zone.
16:01 of 2nd period - Wrist shot by Oliver Bjorkstrand.
16:01 of 2nd period - Stopped by Anton Forsberg with a rebound.
16:03 of 2nd period - Wrist shot by Oliver Bjorkstrand.
16:03 of 2nd period - Shot Blocked by Uvis Balinskis.
16:05 of 2nd period - Snap shot by Matthew Beniers.
16:05 of 2nd period - Shot Misses the Net.
16:35 of 2nd period - Wrist shot by Matthew Beniers.
16:35 of 2nd period - Goal by Matthew Beniers - Chicago Black Hawks : 4 - Calgary Flames : 2.
16:36 of 2nd period - Barrett Hayton wins face-off versus Bo Horvat in neutral zone.
16:39 of 2nd period - Snap shot by Barrett Hayton.
16:39 of 2nd period - Shot Misses the Net.
16:41 of 2nd period - Snap shot by Trevor Zegras.
16:41 of 2nd period - Shot Misses the Net.
16:43 of 2nd period - Backhand shot by Brent Burns.
16:43 of 2nd period - Shot Misses the Net.
17:48 of 2nd period - Wrist shot by Shane Wright.
17:48 of 2nd period - Stopped by Anton Forsberg with a rebound.
18:37 of 2nd period - Cale Makar is hit by Oliver Bjorkstrand and loses puck.
19:51 of 2nd period - Drew Doughty is hit by Ryan Suzuki.
Goals for this period are 3 for Chicago Black Hawks vs 2 for Calgary Flames.
Shots for this period are 14 for Chicago Black Hawks vs 5 for Calgary Flames.
3rd period
0:01 of 3rd period - Leo Carlsson wins face-off versus Bo Horvat in neutral zone.
0:04 of 3rd period - Slapshot by Zachary Werenski.
0:04 of 3rd period - Shot Blocked by Jeremy Lauzon.
0:12 of 3rd period - Slapshot by Leo Carlsson.
0:12 of 3rd period - Shot Misses the Net.
0:26 of 3rd period - Barrett Hayton is hit by Uvis Balinskis and loses puck.
0:35 of 3rd period - Wrist shot by Trevor Zegras.
0:35 of 3rd period - Shot Misses the Net.
1:14 of 3rd period - Slapshot by Morgan Frost.
1:14 of 3rd period - Deflect By Brett Howden.
1:14 of 3rd period - Stopped by Anton Forsberg with a rebound.
1:16 of 3rd period - Slapshot by Morgan Frost.
1:16 of 3rd period - Shot Misses the Net.
1:28 of 3rd period - Slapshot by Sebastian Aho.
1:28 of 3rd period - Shot Blocked by Leo Carlsson.
1:38 of 3rd period - Daniil Miromanov is hit by Leo Carlsson and loses puck.
1:55 of 3rd period - Wrist shot by Matthew Tkachuk.
1:55 of 3rd period - Shot Misses the Net.
2:05 of 3rd period - Minor Penalty to Zachary Werenski for Hooking.
2:06 of 3rd period - Bo Horvat wins face-off versus Oliver Bjorkstrand in Chicago Black Hawks zone.
2:33 of 3rd period - Justin Faulk is hit by Joel Eriksson Ek.
3:05 of 3rd period - Justin Faulk is hit by Drew Doughty and loses puck.
4:05 of 3rd period - Penalty to Zachary Werenski is over, Zachary Werenski is back on ice.
4:15 of 3rd period - Brett Howden is hit by Nick Paul and loses puck.
5:10 of 3rd period - Nick Paul is hit by Ryan Lindgren and loses puck.
5:14 of 3rd period - Icing by Daniil Miromanov.
5:15 of 3rd period - Leo Carlsson wins face-off versus Nick Paul in Calgary Flames zone.
5:16 of 3rd period - Slapshot by Noah Dobson.
5:16 of 3rd period - Shot Blocked by Ben Meyers.
5:18 of 3rd period - Slapshot by Oliver Bjorkstrand.
5:18 of 3rd period - Shot Blocked by Daniil Miromanov.
5:20 of 3rd period - Slapshot by Noah Dobson.
5:20 of 3rd period - Stopped by Anton Forsberg without a rebound.
5:21 of 3rd period - Leo Carlsson wins face-off versus Bo Horvat in Calgary Flames zone.
5:22 of 3rd period - Slapshot by Oliver Bjorkstrand.
5:22 of 3rd period - Stopped by Anton Forsberg with a rebound.
5:24 of 3rd period - Snap shot by Oliver Bjorkstrand.
5:24 of 3rd period - Shot Blocked by Daniil Miromanov.
5:26 of 3rd period - Wrist shot by Oliver Bjorkstrand.
5:26 of 3rd period - Shot Blocked by Daniil Miromanov.
5:49 of 3rd period - Wrist shot by Barrett Hayton.
5:49 of 3rd period - Stopped by Anton Forsberg without a rebound.
5:50 of 3rd period - Matthew Tkachuk wins face-off versus Barrett Hayton in Calgary Flames zone.
5:58 of 3rd period - Icing by Lucas Raymond.
5:59 of 3rd period - Trevor Zegras wins face-off versus Bo Horvat in Chicago Black Hawks zone.
6:14 of 3rd period - Snap shot by Cale Makar.
6:14 of 3rd period - Stopped by Filip Gustavsson without a rebound.
6:15 of 3rd period - Matthew Tkachuk wins face-off versus Leo Carlsson in Chicago Black Hawks zone.
6:16 of 3rd period - Wrist shot by Cale Makar.
6:16 of 3rd period - Stopped by Filip Gustavsson with a rebound.
6:53 of 3rd period - Snap shot by Bo Horvat.
6:53 of 3rd period - Stopped by Filip Gustavsson with a rebound.
6:59 of 3rd period - Minor Penalty to Matthew Beniers for Holding.
7:00 of 3rd period - Oliver Bjorkstrand wins face-off versus Chris Kreider in Chicago Black Hawks zone.
7:35 of 3rd period - Snap shot by Bo Horvat.
7:35 of 3rd period - Shot Misses the Net.
8:41 of 3rd period - Filip Hronek is hit by Barrett Hayton and loses puck.
8:59 of 3rd period - Penalty to Matthew Beniers is over, Matthew Beniers is back on ice.
9:06 of 3rd period - Wrist shot by Shane Wright.
9:06 of 3rd period - Shot Blocked by Jeremy Lauzon.
9:57 of 3rd period - Matthew Beniers is hit by Mathieu Joseph and loses puck.
10:08 of 3rd period - Filip Hronek is hit by Ryan Lindgren and loses puck.
10:20 of 3rd period - Icing by Filip Hronek.
10:21 of 3rd period - Nic Dowd wins face-off versus Brett Howden in Calgary Flames zone.
10:36 of 3rd period - Morgan Frost is hit by Nick Paul and loses puck.
10:45 of 3rd period - Wrist shot by Morgan Frost.
10:45 of 3rd period - Shot Misses the Net.
10:47 of 3rd period - Snap shot by Brett Howden.
10:47 of 3rd period - Stopped by Anton Forsberg without a rebound.
10:48 of 3rd period - Leo Carlsson wins face-off versus Bo Horvat in Calgary Flames zone.
10:52 of 3rd period - Icing by Daniil Miromanov.
10:53 of 3rd period - Bo Horvat wins face-off versus Leo Carlsson in Calgary Flames zone.
11:02 of 3rd period - Snap shot by Bo Horvat.
11:02 of 3rd period - Stopped by Filip Gustavsson without a rebound.
11:03 of 3rd period - Bo Horvat wins face-off versus Barrett Hayton in Chicago Black Hawks zone.
11:08 of 3rd period - Snap shot by Bo Horvat.
11:08 of 3rd period - Stopped by Filip Gustavsson without a rebound.
11:09 of 3rd period - Barrett Hayton wins face-off versus Bo Horvat in Chicago Black Hawks zone.
11:34 of 3rd period - Chris Kreider is hit by Brent Burns and loses puck.
11:56 of 3rd period - Wrist shot by Cale Makar.
11:56 of 3rd period - Stopped by Filip Gustavsson with a rebound.
11:58 of 3rd period - Slapshot by Cale Makar.
11:58 of 3rd period - Deflect By Justin Faulk.
11:58 of 3rd period - Stopped by Filip Gustavsson without a rebound.
11:59 of 3rd period - Joel Eriksson Ek wins face-off versus Barrett Hayton in Chicago Black Hawks zone.
12:07 of 3rd period - Off-side.
12:08 of 3rd period - Bo Horvat wins face-off versus Barrett Hayton in neutral zone.
12:11 of 3rd period - Wrist shot by Zach Hyman.
12:11 of 3rd period - Shot Misses the Net.
12:13 of 3rd period - Slapshot by Jeremy Lauzon.
12:13 of 3rd period - Deflect By Barrett Hayton.
12:13 of 3rd period - Stopped by Filip Gustavsson with a rebound.
12:33 of 3rd period - Slapshot by Trevor Zegras.
12:33 of 3rd period - Stopped by Anton Forsberg without a rebound.
12:34 of 3rd period - Leo Carlsson wins face-off versus Matthew Tkachuk in Calgary Flames zone.
13:11 of 3rd period - Wrist shot by Mathieu Joseph.
13:11 of 3rd period - Stopped by Filip Gustavsson with a rebound.
13:28 of 3rd period - Slapshot by Drew Doughty.
13:28 of 3rd period - Shot Misses the Net.
13:56 of 3rd period - Snap shot by Oliver Bjorkstrand.
13:56 of 3rd period - Shot Misses the Net.
13:58 of 3rd period - Slapshot by Eeli Tolvanen.
13:58 of 3rd period - Shot Misses the Net.
14:35 of 3rd period - Slapshot by Brett Howden.
14:35 of 3rd period - Stopped by Anton Forsberg with a rebound.
14:37 of 3rd period - Snap shot by Morgan Frost.
14:37 of 3rd period - Stopped by Anton Forsberg with a rebound.
14:51 of 3rd period - Nick Paul is hit by Ryan Lindgren.
14:57 of 3rd period - Snap shot by Oliver Bjorkstrand.
14:57 of 3rd period - Shot Misses the Net.
14:59 of 3rd period - Snap shot by Leo Carlsson.
14:59 of 3rd period - Deflect By Oliver Bjorkstrand.
14:59 of 3rd period - Shot Blocked by Ben Meyers.
14:59 of 3rd period - Puck is out of play.
15:00 of 3rd period - Leo Carlsson wins face-off versus Joel Eriksson Ek in Calgary Flames zone.
16:14 of 3rd period - Minor Penalty to Jeremy Lauzon for Hooking.
16:15 of 3rd period - Bo Horvat wins face-off versus Barrett Hayton in Calgary Flames zone.
16:27 of 3rd period - Snap shot by Joel Eriksson Ek.
16:27 of 3rd period - Shot Misses the Net.
16:30 of 3rd period - Icing by Barrett Hayton.
16:31 of 3rd period - Bo Horvat wins face-off versus Barrett Hayton in Chicago Black Hawks zone.
16:34 of 3rd period - Snap shot by Sebastian Aho.
16:34 of 3rd period - Stopped by Filip Gustavsson without a rebound.
16:35 of 3rd period - Leo Carlsson wins face-off versus Bo Horvat in Chicago Black Hawks zone.
16:35 of 3rd period - Leo Carlsson is hit by Bo Horvat.
17:01 of 3rd period - Joel Eriksson Ek is hit by Trevor Zegras and loses puck.
18:10 of 3rd period - Filip Hronek is hit by Matthew Beniers and loses puck.
18:14 of 3rd period - Penalty to Jeremy Lauzon is over, Jeremy Lauzon is back on ice.
19:50 of 3rd period - Icing by Cale Makar.
19:51 of 3rd period - Nic Dowd wins face-off versus Brett Howden in Calgary Flames zone.
19:51 of 3rd period - Cale Makar is hit by Brett Howden and loses puck.
Goals for this period are 0 for Chicago Black Hawks vs 0 for Calgary Flames.
Shots for this period are 8 for Chicago Black Hawks vs 10 for Calgary Flames.
Back to the Top